Map: Darkness Sanctuary LE

Players

Bunny - Winner!

  • Race: Terran Terran
  • League: Diamond
  • Spawn Location: 5:00

YoGo

  • Race: Zerg Zerg
  • League: Grandmaster
  • Spawn Location: 7:00

Event: HomeStory Cup XVII

VOD

Have the link to the VOD?

Description

Time

  • Played on: June 28, 2018, 5:13 p.m.
  • Length: 9:30

All games in this series

Show
View Real Time Build Order
Export as new Build Order

Bunny Terran - Winner!

Build Orders: Reaper Expand, Hellion Banshee, Mech 

Get SALT Encoding   

  12  0:00  SCV  
  13  0:13  SCV  
  14  0:17  Supply Depot  
  14  0:25  SCV  
  15  0:38  SCV  
  15  0:40  Barracks  
  16  0:43  Refinery  
  16  0:51  SCV  
  17  1:03  SCV  
  18  1:15  SCV  
  19  1:27  Orbital Command  
  19  1:28  Reaper  
  20  1:38  Command Center  
  20  1:52  Supply Depot, SCV  
  21  1:59  Marine  
  22  2:04  SCV  
  22  2:08  Factory  
  23  2:12  Refinery  
  23  2:16  SCV  
  23  2:21  Barracks Reactor  
  24  2:28  SCV  
  25  2:40  SCV  
  26  2:53  Starport, SCV  
  27  3:03  Orbital Command  
  27  3:04  Hellion x2, Barracks Tech Lab  
  27  3:05  SCV  
  32  3:17  SCV  
  33  3:24  Supply Depot  
  33  3:25  Hellion x2  
  37  3:29  SCV x2  
  39  3:40  Cloaking Field, Banshee  
  39  3:41  SCV x2  
  44  3:47  Hellion x2  
  48  3:52  Supply Depot  
  48  3:53  SCV x2  
  49  4:01  Armory  
  49  4:08  Hellion x2  
  53  4:11  SCV x2  
  54  4:23  Banshee, SCV x2  
  59  4:26  Supply Depot  
  59  4:30  Hellion  
  61  4:35  Supply Depot  
  61  4:37  SCV  
  62  4:47  Hellion, SCV  
  62  4:48  Command Center  
  65  4:54  SCV  
  65  4:59  SCV  
  67  5:06  Banshee, SCV  
  71  5:11  SCV  
  72  5:15  Hellion  
  72  5:16  Hellion  
  72  5:19  SCV  
  71  5:24  SCV  
  71  5:32  SCV  
  69  5:36  Refinery, SCV  
  69  5:37  Hellion x2, Factory, Supply Depot, Refinery  
  69  5:38  Factory  
  72  5:48  Banshee  
  67  5:52  SCV x2  
  65  5:58  Hellion x2, Barracks Tech Lab  
  65  6:00  Orbital Command  
  66  6:05  SCV x2  
  66  6:11  Terran Vehicle Weapons Level 1  
  68  6:12  Supply Depot  
  68  6:13  Armory  
  68  6:20  Hellion x2  
  72  6:26  SCV  
  72  6:27  SCV  
  74  6:39  SCV  
  75  6:42  Thor  
  75  6:43  Hellion x2  
  75  6:44  Orbital Command, Thor  
  75  6:46  Starport Reactor  
  87  6:54  SCV x2  
  85  7:04  Hellion x2  
  61  7:23  SCV x2  
  61  7:26  Hellion  
  64  7:30  Siege Tank x2  
  68  7:39  Hellion  
  68  7:45  Medivac  
  70  7:53  SCV x3  
  72  8:02  Thor x2  
  72  8:04  Supply Depot  
  72  8:05  SCV x3  
  75  8:14  Hellion, Siege Tank  
  75  8:16  Siege Tank  
  83  8:22  Supply Depot  
  83  8:24  SCV  
  84  8:28  Engineering Bay, Supply Depot, SCV x2  
  84  8:32  Supply Depot  
  84  8:34  Orbital Command  
  84  8:40  Medivac, SCV  
  85  8:49  Siege Tank  
  85  8:50  Hellion x2  
  89  8:57  SCV x2  
  91  9:03  SCV  
  91  9:07  Supply Depot x2  
  91  9:09  SCV x2  
  92  9:15  Factory Reactor  
Show
View Real Time Build Order
Export as new Build Order

YoGo Zerg 

Build Orders: Pool First 

Get SALT Encoding   

  12  0:02  Drone  
  13  0:13  Overlord  
  13  0:17  Drone  
  14  0:31  Drone  
  14  0:32  Drone  
  16  0:37  Drone  
  17  0:45  Spawning Pool  
  17  0:49  Drone  
  17  1:09  Hatchery  
  17  1:11  Drone  
  17  1:32  Queen  
  19  1:33  Zergling x4  
  19  1:34  Zergling x2, Extractor  
  21  1:44  Overlord  
  21  1:55  Drone  
  22  2:07  Queen  
  24  2:11  Drone  
  25  2:19  Drone  
  25  2:21  Queen  
  28  2:27  Drone  
  29  2:32  Drone  
  29  2:33  Drone  
  29  2:34  Metabolic Boost  
  31  2:44  Drone x4  
  33  2:48  Overlord  
  35  2:58  Overlord  
  35  3:11  Hatchery  
  34  3:15  Drone x2  
  34  3:18  Drone x2  
  38  3:20  Drone  
  38  3:22  Drone  
  40  3:27  Overlord  
  40  3:30  Drone x2  
  40  3:34  Drone  
  43  3:35  Drone  
  44  3:45  Queen  
  46  3:49  Queen  
  46  3:55  Overlord  
  48  3:56  Zergling x6  
  48  3:58  Zergling x2  
  52  4:15  Drone x3  
  52  4:16  Drone x3  
  56  4:23  Drone x4  
  60  4:27  Spine Crawler  
  60  4:28  Queen  
  60  4:29  Queen  
  62  4:31  Queen  
  62  4:37  Drone  
  64  4:48  Spore Crawler  
  64  4:50  Overlord x2  
  64  4:51  Zergling x6  
  66  5:06  Evolution Chamber x2  
  64  5:07  Zergling x4  
  66  5:16  Zergling x4  
  66  5:21  Zergling x6  
  62  5:22  Zergling x8  
  62  5:24  Zergling x4  
  62  5:25  Zergling x4  
  62  5:27  Zergling x2  
  71  5:31  Zergling x2  
  71  5:32  Zergling x2  
  71  5:35  Zergling x6  
  65  5:43  Spore Crawler  
  65  5:46  Zergling x4  
  60  5:50  Baneling Nest, Zergling x4  
  60  5:51  Zergling x4  
  60  5:53  Zergling x2  
  60  5:56  Zergling x2  
  64  5:58  Zergling x2  
  64  5:59  Zergling x2  
  64  6:03  Zerg Missile Weapons Level 1  
  64  6:04  Zergling x6  
  69  6:17  Zergling x6  
  66  6:19  Zergling x4  
  66  6:20  Queen x2  
  70  6:26  Zergling x6  
  70  6:27  Zergling x2  
  70  6:30  Zergling x2  
  73  6:38  Baneling x7  
  71  6:43  Zergling x2  
  71  6:47  Zergling x16  
  70  6:49  Baneling x2  
  70  6:50  Baneling  
  70  6:53  Zergling x2  
  70  6:54  Zergling x2  
  75  7:01  Baneling x2  
  70  7:12  Zergling x12  
  70  7:15  Zergling x4  
  69  7:16  Zergling x2  
  69  7:22  Zergling x2  
  67  7:28  Zergling x8  
  62  7:30  Zergling x2  
  62  7:35  Zergling x2  
  57  7:37  Zergling x2  
  57  7:39  Zergling x2  
  57  7:42  Zergling x4  
  54  7:51  Drone x3  
  54  7:53  Drone  
  54  7:58  Baneling x3  
  53  7:59  Baneling  
  53  8:03  Drone  
  54  8:07  Baneling  
  54  8:08  Baneling x3  
  54  8:13  Drone  
  54  8:14  Drone x2  
  55  8:20  Queen  
  55  8:22  Drone  
  54  8:29  Spine Crawler  
  54  8:31  Zergling x6  
  52  8:36  Drone x3  
  52  8:38  Drone  
  54  8:42  Drone x2  
  54  8:55  Drone x4  
  49  9:00  Drone x2  
  49  9:02  Drone  
  52  9:06  Baneling x3  
  52  9:07  Baneling x2  
  52  9:08  Zergling x2  
  54  9:10  Zergling x2  
  54  9:11  Zergling x2  
  54  9:13  Zergling x2  
Tags
 
Add a new tag
Caveats
  • Supply blocks, unpowered buildings, or Contaminate may cause inaccurate times.
  • Supply counts are checked every 10 seconds.